 Dungeon Crawl Stone Soup version 0.26-a0-639-g72c4674329 (webtiles) character file.

Game seed: 7729642186221164199

146708 Inarius the Wrestler (level 16, 0/150 HPs)
             Began as a Troll Chaos Knight on Sept 15, 2020.
             Was a Plaything of Xom.
             Slain by a ghost moth (2 damage)
             ... on level 2 of the Spider Nest on Sept 16, 2020.
             The game lasted 00:53:03 (26571 turns).

Inarius the Wrestler (Troll Chaos Knight)          Turns: 26571, Time: 00:53:05

Health: 0/150      AC:  7    Str: 27 (29) XL:     16   Next: 90%
Magic:  0/15       EV:  8    Int:  4      God:    Xom [...*..]
Gold:   3224       SH: 34    Dex: 13      Spells: 15/15 levels left

rFire    . . .     SeeInvis .     - Unarmed
rCold    + + .     Faith    .   o - +10 tower shield of Ignorance {rN+ Int-4}
rNeg     + + +     Spirit   .   y - +4 storm dragon scales of Peek-a-Boo {*Drain rElec rC+ rN++ Dex+4}
rPois    +         Reflect  +   L - +2 hat
rElec    +         Harm     .   (no cloak)
rCorr    .         Rampage  .   (gloves unavailable)
MR       +....                  (boots unavailable)
Stlth    ..........             d - amulet of reflection
HPRegen  0.75/turn              V - ring of protection from cold
MPRegen  0.14/turn              B - ring of poison resistance

@: about to teleport, corroded, studying Fighting
A: large, unfitting armour, claws 3, fangs 1, icy blue scales 1, slimy green
scales 1, thin metallic scales 1, blink, deformed body, regeneration 1, robust
1, shaggy fur 1, tough skin 3
a: Blink, Renounce Religion


You were on level 2 of the Spider Nest.
You worshipped Xom.
You were a favourite toy of Xom.
You visited 4 branches of the dungeon, and saw 26 of its levels.
You also visited: Sewer and Ice Cave.

You collected 4027 gold pieces.
You spent 803 gold pieces at shops.

Inventory:

Missiles
 M - 2 silver javelins (quivered)
Armour
 o - the +10 tower shield of Ignorance (worn) {rN+ Int-4}
   (You found it on level 2 of the Orcish Mines)

   It affects your intelligence (-4).
   It protects you from negative energy.
 p - +0 ice dragon scales
 r - +0 fire dragon scales
 y - the +4 storm dragon scales of Peek-a-Boo (worn) {*Drain rElec rC+ rN++ Dex+4}
   (Xom gifted it to you on level 3 of the Dungeon)

   It affects your dexterity (+4).
   It protects you from cold.
   It insulates you from electricity.
   It greatly protects you from negative energy.
   It causes draining when unequipped.
 H - +0 swamp dragon scales
 L - a +2 hat (worn)
 P - +0 ice dragon scales
Jewellery
 d - an amulet of reflection (around neck)
 j - an uncursed amulet of regeneration
 A - an uncursed ring of positive energy
 B - a ring of poison resistance (right claw)
 I - an uncursed ring of fire
 V - a ring of protection from cold (left claw)
Wands
 z - a wand of iceblast (14)
 K - a wand of enslavement (19)
 N - a wand of polymorph (17)
 O - a wand of acid (15)
 S - a wand of paralysis (9)
 U - a wand of flame (6)
 W - a wand of disintegration (11)
 X - a wand of digging (9)
Scrolls
 b - 4 scrolls of fear
 c - 14 scrolls of remove curse
 k - 12 scrolls of magic mapping
 m - 5 scrolls of fog
 n - 16 scrolls of teleportation
 u - a scroll of silence
 v - 6 scrolls of enchant armour
 x - a scroll of summoning
 C - 5 scrolls of blinking
 F - 2 scrolls of enchant weapon
 J - 3 scrolls of vulnerability
 Q - a scroll of identify
 Z - a scroll of brand weapon
Potions
 a - a potion of berserk rage
 e - 4 potions of stabbing
 f - 10 potions of curing
 g - 9 potions of lignification
 h - 4 potions of brilliance
 i - 4 potions of ambrosia
 l - 8 potions of flight
 q - a potion of resistance
 s - 2 potions of mutation
 t - 3 potions of cancellation
 D - 4 potions of magic
 E - 3 potions of might
 G - 5 potions of heal wounds
 R - a potion of invisibility
 T - a potion of haste
Books
 w - a manual of Fighting
Miscellaneous
 Y - a box of beasts (3/3)


   Skills:
 + Level 4.1 Fighting
 + Level 6.2 Armour
 - Level 6.0 Dodging
 - Level 1.2 Stealth
 + Level 11.7 Shields
 * Level 21.1 Unarmed Combat
 * Level 9.1 Evocations


You had 15 spell levels left.
You didn't know any spells.
Your spell library contained the following spells:

 Spells                   Type           Power        Failure   Level
 Animate Skeleton         Necr           #.....       99%         1
 Apportation              Tloc           #.....       99%         1
 Beastly Appendage        Tmut           #.....       99%         1
 Corona                   Hex            #......      99%         1
 Magic Dart               Conj           #...         99%         1
 Summon Small Mammal      Summ           #...         99%         1
 Blink                    Tloc           N/A          100%        2
 Call Imp                 Summ           #.......     100%        2
 Slow                     Hex            #.......     100%        2
 Wereblood                Tmut           #.......     100%        2
 Conjure Flame            Conj/Fire      #.......     100%        3
 Lesser Beckoning         Tloc           #.........   100%        3
 Mephitic Cloud           Conj/Pois/Air  #.......     100%        3
 Spider Form              Tmut/Pois      #.........   100%        3
 Tukima's Dance           Hex            #.......     100%        3
 Cause Fear               Hex            #.........   100%        4
 Ice Form                 Ice/Tmut       #.......     100%        4
 Alistair's Intoxication  Tmut/Pois      #........    100%        5
 Blade Hands              Tmut           #.........   100%        5
 Irradiate                Conj/Tmut      #.........   100%        5
 Metabolic Englaciation   Hex/Ice        #.........   100%        5
 Silence                  Hex/Air        #.........   100%        5
 Summon Demon             Summ           #.........   100%        5
 Summon Forest            Summ/Tloc      #.........   100%        5
 Summon Mana Viper        Hex/Summ       #.......     100%        5
 Yara's Violent Unravell  Hex/Tmut       #.........   100%        5
 Freezing Cloud           Conj/Ice/Air   #.........   100%        6
 Hydra Form               Tmut           #.........   100%        6
 Invisibility             Hex            #.......     100%        6
 Ozocubu's Refrigeration  Ice            #.........   100%        6
 Shadow Creatures         Summ           N/A          100%        6
 Simulacrum               Ice/Necr       #.........   100%        6
 Statue Form              Tmut/Erth      #........    100%        6
 Dragon Form              Tmut           #.........   100%        7
 Summon Hydra             Summ           #.........   100%        7
 Discord                  Hex            #.........   100%        8


Dungeon Overview and Level Annotations

Branches:
Dungeon (15/15)            Temple (0/1) D:4            Lair (6/6) D:8
  Swamp (0/4) Lair:4       Spider (3/4) Lair:2        Slime (0/5) Lair:5
    Orc (2/2) D:9             Elf (0/3) Orc:2        Vaults (0/5) D:13
 Depths (0/5) D:15          Sewer (visited)           IceCv (visited)

Altars:
Cheibriados
Elyvilon
Hepliaklqana
Kikubaaqudgha
Nemelex Xobeh
Okawaru
Qazlal
Sif Muna
Trog
Uskayaw
Vehumet
Xom
Zin
The Shining One
Beogh

Shops:
D:7 ?   D:9 [   D:11 !   Orc:2 :?[}

Annotations:
D:15 3 runed translucent doors, Fotwosk's ghost, journeyman MiBe; Qemeosy's ghost, journeyman DDFi; sinister's ghost, journeyman FoFi


Innate Abilities, Weirdness & Mutations

You are too large for most types of armour.
You have claws for hands.
Your natural rate of healing is unusually fast.
You are covered in fur. (AC +1)
You have extremely tough skin. (AC +3)
You have very sharp teeth.
You are partially covered in icy blue scales. (AC +2)
You are partially covered in slimy green scales. (AC +2)
You are partially covered in thin metallic scales. (AC +2)
You can translocate small distances at will.
Armour fits poorly on your strangely shaped body.
You are robust. (+10% HP)


Message History

You block something's attack. You block something's attack. Something hits you!
* * * LOW HITPOINT WARNING * * *
Something stings you.
* * * LOW HITPOINT WARNING * * *
Unknown command.
As you read the scroll of teleportation, it crumbles to dust.
You feel strangely unstable.
You feel you are being watched by something.
Something hits you!
* * * LOW HITPOINT WARNING * * *
You feel weakened. You block something's attack. Something stings you.
* * * LOW HITPOINT WARNING * * *
The entropy weaver hits you!
* * * LOW HITPOINT WARNING * * *
You block the entropy weaver's attack. x3; Something hits you!
* * * LOW HITPOINT WARNING * * *
Something hits you but does no damage. Something stings you.
You die...

###.#...^.#..^#.##
##..<.#
##....#######...^.#
#...#.# #..#...#
#.#.#.#######..#
...#####
#.#####.####...#
<.## ####.##
#..#.#..#.# .##
#.....###..#....###
.^#
#..#..#...#...#.##
.##
##>....#(#.##..#.#
##
#..#.#.@a>†#..##..#
#
#.##..#..##...#...#
####..#....#....#.#
##.^.#.#..^....###
##.##..#..##.####
##.....#.#.#### ###
####.......####
#.####<####.#.###
#...#..##.^....#


You could see an entropy weaver.

Vanquished Creatures
  Frances (Spider:2)
  Donald (Spider:1)
  An orc warlord (Orc:2)
  A fire giant (D:13)
  3 emperor scorpions (Spider:2)
  Nessos (Orc:2)
  3 entropy weavers (Spider:2)
  A spark wasp (Spider:2)
  A dire elephant (Spider:1)
  An ettin (Orc:2)
  A fire dragon (Lair:6)
  An ice dragon (IceCv)
  A great orb of eyes (Lair:2)
  Erolcha (Orc:2)
  5 hydras
  A shambling mangrove (Lair:5)
  2 death knights
  An anaconda (D:15)
  2 centaur warriors
  A dancing weapon (Orc:2)
  5 ogre magi
  7 two-headed ogres
  A deep elf knight (D:13)
  10 skeletal warriors
  A deep troll (D:15)
  A death drake (shapeshifter) (D:15)
  A fire crab (Lair:5)
  2 unseen horrors (D:15)
  A glowing orange brain (Lair:6)
  A deep elf archer (D:15)
  4 orange crystal statues (Orc:2)
  4 orc knights
  3 oklob plants
  6 orb spiders
  2 manticores
  15 wolf spiders
  9 orc sorcerers
  7 deep elf magi
  14 ugly things
  2 moths of wrath
  12 elephants
  7 torpor snails
  3 black mambas
  2 ice statues (IceCv)
  Maggie (D:10)
  A cane toad (shapeshifter) (D:14)
  14 cane toads
  2 gargoyles (D:15)
  3 yaktaurs (D:15)
  8 demonic crawlers
  7 rime drakes
  2 freezing wraiths
  2 ice devils (D:11)
  A queen bee (Spider:1)
  7 komodo dragons
  7 trolls
  11 jumping spiders
  A wind drake (shapeshifter) (D:14)
  A wolf spider simulacrum (D:14)
  10 polar bears (Lair:6)
  3 tyrant leeches (Lair:6)
  6 hornets (Lair:6)
  9 dream sheep
  5 hippogriffs
  A raiju (Lair:6)
  A slime creature (Lair:6)
  16 blink frogs
  A bog body (Lair:4)
  Sigmund (D:3)
  2 shadows (D:15)
  19 tarantellas
  62 redbacks
  A centaur simulacrum (D:15)
  12 yaks
  3 hogs (D:13)
  Eustachio (D:4)
  2 vampires
  3 wyverns
  A fire elemental (Orc:1)
  A steam dragon (D:8)
  3 wraiths
  6 vampire mosquitoes
  A naga (shapeshifter) (D:14)
  8 wargs
  Edmund (D:4)
  2 soldier ants
  An acid dragon (D:14)
  12 porcupines
  16 hell hounds
  7 water moccasins
  25 orc warriors
  6 sky beasts
  16 black bears
  17 ice beasts
  3 hornet zombies
  14 ogres
  21 wolves
  19 centaurs
  12 crocodiles
  15 bullfrogs
  A big kobold (D:12)
  A gnoll sergeant (D:7)
  2 scorpions
  2 wyvern skeletons (D:13)
  27 killer bees
  15 wights
  5 howler monkeys
  An electric eel (Lair:6)
  4 centaur zombies
  4 hounds
  5 bullfrog zombies
  4 jellies
  2 quasits
  23 orc priests
  9 centaur skeletons
  6 iguanas
  41 orc wizards
  2 bullfrog skeletons (D:4)
  2 hell rats (Lair:2)
  5 worker ants
  A polar bear simulacrum (Lair:6)
  5 yak simulacra (Lair:6)
  2 killer bee zombies
  2 wolf simulacra (Lair:6)
  4 hound skeletons
  Robin (D:3)
  5 gnolls (D:7)
  A howler monkey skeleton (D:9)
  13 adders
  14 river rats
  3 shadow imps
  A white imp (D:5)
  4 ufetubi
  2 oozes
  2 adder skeletons (D:9)
  6 worms
  5 leopard geckos
  129 orcs
  6 ball pythons
  6 bats
  5 giant cockroaches
  17 goblins
  13 hobgoblins
  8 jackals
  13 kobolds
  4 quokkas
  7 frilled lizards
  A leopard gecko skeleton (D:8)
  2 quokka skeletons
  18 rats
  3 river rat simulacra (Lair:6)
  A butterfly (Lair:2)
1048 creatures vanquished.

Vanquished Creatures (collateral kills)
  An ice dragon (IceCv)
  An orb spider (Spider:2)
  A necromancer (Lair:6)
  An orc sorcerer (Orc:2)
  A blink frog (Lair:6)
  A hippogriff (Lair:6)
  A dream sheep (Lair:6)
  2 wraiths (D:11)
  A wolf (Lair:5)
  A crocodile (Lair:5)
  A scorpion (D:8)
  A worker ant zombie (D:11)
  An orc (D:11)
14 creatures vanquished.

Vanquished Creatures (others)
  A dancing weapon (D:11)
  An elephant (Lair:3)
  3 dream sheep (Lair:6)
  A hippogriff (Lair:4)
  2 redbacks
  A basilisk (Lair:4)
  An ice beast (IceCv)
  An orc wizard (Orc:2)
  23 fungi
  60 plants
94 creatures vanquished.

Grand Total: 1156 creatures vanquished

Notes
Turn   | Place    | Note
-------+----------+-------------------------------------------
     0 | D:1      | Inarius the Troll Chaos Knight began the quest for the Orb.
     0 | D:1      | Reached XP level 1. HP: 22/22 MP: 0/0
    94 | D:1      | XOM: silly message
   209 | D:1      | XOM: potion effect (invisibility)
   220 | D:1      | Reached XP level 2. HP: 27/29 MP: 1/1
   485 | D:2      | XOM: stealth player
   510 | D:2      | XOM: potion effect (brilliance)
   520 | D:2      | Reached XP level 3. HP: 36/36 MP: 2/2
   800 | D:2      | XOM: cloud trail
  1061 | D:2      | Reached skill level 4 in Unarmed Combat
  1331 | D:3      | Noticed Sigmund
  1341 | D:3      | XOM: chaos upgrade
  1348 | D:3      | XOM: chaos cloud
  1349 | D:3      | Killed Sigmund
  1349 | D:3      | Reached skill level 5 in Unarmed Combat
  1349 | D:3      | Reached XP level 4. HP: 44/44 MP: 3/3
  1349 | D:3      | Reached XP level 5. HP: 52/52 MP: 4/4
  1353 | D:3      | Noticed Robin
  1391 | D:3      | Killed Robin
  1537 | D:3      | XOM: 1-stop teleportation journey
  1640 | D:3      | XOM: confuse monster(s)
  1644 | D:3      | XOM: divination: detect items
  1645 | D:3      | Reached skill level 1 in Shields
  1655 | D:3      | Reached XP level 6. HP: 58/59 MP: 5/5
  2033 | D:3      | XOM: give mutations
  2033 | D:3      | Gained mutation: You are dopey. (Int -2) [Xom's mischief]
  2033 | D:3      | Gained mutation: Armour fits poorly on your strangely
                  | shaped body. [Xom's mischief]
  2127 | D:4      | Noticed Eustachio
  2139 | D:4      | XOM: summons 2 hostile demons
  2142 | D:4      | Killed Eustachio
  2142 | D:4      | Reached skill level 6 in Unarmed Combat
  2232 | D:4      | Reached XP level 7. HP: 55/66 MP: 6/6
  2319 | D:4      | XOM: summons 4 hostile demons
  2426 | D:4      | Reached skill level 7 in Unarmed Combat
  2522 | D:4      | XOM: give mutations
  2522 | D:4      | Gained mutation: You are very dopey. (Int -4) [Xom's
                  | mischief]
  2522 | D:4      | Gained mutation: Your muscles are strong. (Str +2) [Xom's
                  | mischief]
  2571 | D:4      | Found a staircase to the Ecumenical Temple.
  2722 | D:4      | Got a brightly glowing tower shield
  2736 | D:4      | Identified the cursed +0 tower shield of Dust Devil
                  | {*Contam +Fly rElec Dex+10} (You found it on level 4 of the
                  | Dungeon)
  2851 | D:4      | Noticed Edmund
  2868 | D:4      | Killed Edmund
  3117 | D:5      | Entered Level 5 of the Dungeon
  3185 | D:5      | Reached skill level 8 in Unarmed Combat
  3213 | D:5      | XOM: give mutations
  3213 | D:5      | Gained mutation: You are frail. (-10% HP) [Xom's mischief]
  3253 | D:5      | XOM: chaos upgrade
  3255 | D:5      | Reached XP level 8. HP: 67/67 MP: 7/7
  3319 | D:5      | Reached skill level 1 in Stealth
  3734 | D:5      | XOM: give mutations
  3734 | D:5      | Gained mutation: You are clumsy. (Dex -2) [Xom's mischief]
  3734 | D:5      | Gained mutation: You occasionally shout uncontrollably at
                  | your foes. [Xom's mischief]
  3876 | D:6      | Found a glowing drain.
  3907 | Sewer    | Entered a sewer
  4448 | D:6      | Found a white marble altar of Elyvilon.
  4502 | D:6      | XOM: enchant monster (good)
  4522 | D:6      | Reached skill level 9 in Unarmed Combat
  4767 | D:7      | Reached skill level 1 in Evocations
  4790 | D:7      | XOM: 5-stop teleportation journey
  4850 | D:7      | Found Febish's Magic Scroll Shoppe.
  4853 | D:7      | Bought a scroll of identify for 24 gold pieces
  4853 | D:7      | Bought a scroll of identify for 24 gold pieces
  4853 | D:7      | Bought a scroll of identify for 24 gold pieces
  4875 | D:7      | XOM: 3-stop teleportation journey
  5063 | D:7      | Reached skill level 10 in Unarmed Combat
  5063 | D:7      | Reached XP level 9. HP: 69/72 MP: 8/8
  5153 | D:7      | XOM: divination: detect items
  5166 | D:7      | XOM: cleaving
  5257 | D:7      | XOM: god gift: 56 gold pieces
  5263 | D:7      | XOM: god gift: 19 gold pieces
  5269 | D:7      | XOM: give mutations
  5269 | D:7      | Gained mutation: You have sharp toenails. [Xom's grace]
  5269 | D:7      | Gained mutation: You have very sharp teeth. [Xom's grace]
  5413 | D:8      | Noticed a skeletal warrior
  5414 | D:8      | Noticed a skeletal warrior
  5414 | D:8      | Noticed a skeletal warrior
  5414 | D:8      | Noticed a skeletal warrior
  5416 | D:8      | XOM: summons 3 friendly demons
  5419 | D:8      | XOM: potion effect (invisibility)
  5424 | D:8      | XOM: divine lightning
  5428 | D:8      | XOM: summons friendly shadow imp
  5429 | D:8      | XOM: summons friendly white imp
  5432 | D:8      | Killed a skeletal warrior
  5433 | D:8      | XOM: confuse monster(s)
  5442 | D:8      | Killed a skeletal warrior
  5554 | D:8      | Found a glowing silver altar of Zin.
  5556 | D:8      | Found a hazy altar of Hepliaklqana.
  5557 | D:8      | Found a glowing golden altar of the Shining One.
  5557 | D:8      | Found a stormy altar of Qazlal.
  5558 | D:8      | Found a hide-covered altar of Uskayaw.
  5558 | D:8      | Found a shimmering blue altar of Sif Muna.
  5559 | D:8      | Found a snail-covered altar of Cheibriados.
  5663 | D:8      | Reached skill level 11 in Unarmed Combat
  5664 | D:8      | XOM: summons friendly quasit
  5696 | D:8      | Found a large runed translucent door.
  5697 | D:8      | Found a large runed translucent door.
  5828 | D:8      | Found a staircase to the Lair.
  6089 | D:8      | Killed a skeletal warrior
  6089 | D:8      | Reached XP level 10. HP: 38/81 MP: 9/9
  6147 | D:8      | XOM: cloud trail
  6185 | D:8      | Killed a skeletal warrior
  6403 | D:8      | XOM is BORED!
  6403 | D:8      | XOM: give mutations
  6403 | D:8      | Lost mutation: Armour fits poorly on your strangely shaped
                  | body. [Xom's mischief]
  6403 | D:8      | Lost mutation: You are very dopey. (Int -4) [Xom's
                  | mischief]
  6403 | D:8      | Gained mutation: Armour fits poorly on your strangely
                  | shaped body. [Xom's mischief]
  6557 | D:8      | Noticed an ogre mage
  6564 | D:8      | XOM: enchant monster (good)
  6566 | D:8      | Killed an ogre mage
  6566 | D:8      | Reached skill level 12 in Unarmed Combat
  6572 | D:8      | Reached skill level 5 in Shields
  6616 | D:8      | Found an ancient bone altar of Kikubaaqudgha.
  6619 | D:8      | Found a sparkling altar of Nemelex Xobeh.
  6688 | D:9      | Reached skill level 5 in Dodging
  6746 | D:9      | Found a staircase to the Orcish Mines.
  6854 | D:9      | XOM: summons friendly ufetubus
  7092 | D:9      | Found a bloodstained altar of Trog.
  7100 | D:9      | XOM: summons 4 friendly demons
  7149 | D:9      | Found an iron altar of Okawaru.
  7221 | D:9      | Found Godwopt's Antique Armour Emporium.
  7224 | D:9      | Bought an embroidered hat for 161 gold pieces
  7463 | D:10     | Entered Level 10 of the Dungeon
  7492 | D:10     | XOM: butterfly on damage
  7673 | D:10     | Reached XP level 11. HP: 69/87 MP: 10/10
  7716 | D:10     | Reached skill level 13 in Unarmed Combat
  7742 | D:10     | Noticed Maggie
  7753 | D:10     | Killed Maggie
  8175 | D:10     | XOM is BORED!
  8217 | D:10     | XOM: cloud trail
  8359 | D:11     | Found Qul Zoph's Distillery.
  8362 | D:11     | Bought a potion of might for 60 gold pieces
  8405 | D:11     | Found a frozen archway.
  8412 | D:11     | XOM: enchant monster (good)
  8442 | IceCv    | Entered an ice cave
  8486 | IceCv    | XOM: polymorph ice beast -> worm
  8489 | IceCv    | XOM: polymorph worm -> ooze
  8577 | IceCv    | XOM: divination: detect creatures
  8669 | IceCv    | XOM: divine lightning
  8688 | IceCv    | Noticed an ice dragon
  8688 | IceCv    | Noticed an ice dragon
  8706 | IceCv    | XOM: summons 9 friendly demons
  8713 | IceCv    | Killed an ice dragon
  8719 | IceCv    | XOM: summons 4 friendly demons
  8728 | IceCv    | Killed an ice dragon
  8770 | IceCv    | Found the ring of the Octopus King
  8832 | IceCv    | Got a ring of the Octopus King
  8845 | IceCv    | Identified a ring of the Octopus King {MP+9 AC+1 EV+1 Str+1
                  | Int+1 Dex+1} (You found it in an ice cave)
  8906 | IceCv    | XOM: summons 2 friendly demons
  8909 | IceCv    | Reached skill level 14 in Unarmed Combat
  9024 | IceCv    | XOM: scenery: summon butterflies
  9219 | D:11     | XOM: give mutation
  9219 | D:11     | Gained mutation: You are very clumsy. (Dex -4) [Xom's
                  | mischief]
  9273 | D:11     | XOM: god gift: 14 stones
  9296 | D:11     | XOM: give mutations
  9296 | D:11     | Lost mutation: You are frail. (-10% HP) [Xom's grace]
  9296 | D:11     | Gained mutation: You are partially covered in icy blue
                  | scales. (AC +2) [Xom's grace]
  9296 | D:11     | Lost mutation: You are dopey. (Int -2) [Xom's grace]
  9296 | D:11     | Gained mutation: You are robust. (+10% HP) [Xom's grace]
  9488 | D:11     | Noticed a death knight
  9522 | D:11     | Killed a death knight
  9522 | D:11     | Reached skill level 5 in Evocations
  9532 | D:11     | Noticed a skeletal warrior
  9537 | D:11     | Killed a skeletal warrior
  9537 | D:11     | Reached skill level 1 in Armour
  9682 | D:11     | Noticed a two-headed ogre
  9690 | D:11     | Killed a two-headed ogre
  9690 | D:11     | Reached XP level 12. HP: 83/115 MP: 11/11
  9761 | D:11     | Found a glowing golden altar of the Shining One.
  9967 | D:11     | Noticed a two-headed ogre
  9971 | D:11     | Noticed a six-headed hydra
  9972 | D:11     | Killed a two-headed ogre
  9972 | D:11     | XOM: silly message
  9992 | D:11     | XOM: divination: detect items
 10095 | D:11     | XOM: torment (44/115 hp)
 10279 | Lair:1   | Entered Level 1 of the Lair of Beasts
 10314 | Lair:1   | XOM: cast spell 'Cause Fear'
 10339 | Lair:1   | Upgraded the game from 0.26-a0-597-gb535b0901c to
                  | 0.26-a0-639-g72c4674329
 10395 | Lair:1   | Noticed an eight-headed hydra
 10416 | Lair:1   | XOM: divination: detect creatures
 10424 | Lair:1   | XOM: silly message
 10439 | Lair:1   | XOM: potion effect (curing)
 10449 | D:8      | XOM: noise
 10478 | D:8      | XOM: potion effect (invisibility)
 10480 | D:8      | XOM: divination: detect creatures
 10489 | D:8      | Killed an eight-headed hydra
 10536 | Lair:1   | You fall into a shaft and drop 1 floor!
 10748 | Lair:1   | XOM: summons friendly white imp
 10776 | Lair:1   | Reached skill level 15 in Unarmed Combat
 11104 | Lair:1   | XOM: summons friendly white imp
 11493 | Lair:2   | Found a hole to the Spider Nest.
 11493 | Lair:2   | XOM: swap monsters
 11826 | Lair:2   | Noticed a seven-headed hydra
 11829 | Lair:2   | Noticed a great orb of eyes
 11829 | Lair:2   | a seven-headed hydra changed into a great orb of eyes
 11830 | Lair:2   | XOM: confuse monster(s)
 11835 | Lair:2   | XOM: potion effect (curing)
 11837 | Lair:2   | Killed a great orb of eyes
 12409 | Lair:3   | XOM: enchant monster (good)
 12751 | Lair:3   | You fall into a shaft and drop 2 floors!
 12757 | Lair:5   | Reached XP level 13. HP: 111/125 MP: 12/12
 12834 | Lair:5   | XOM: scenery: create altars
 12837 | Lair:5   | XOM: cast spell 'Olgreb's Toxic Radiance'
 12845 | Lair:5   | XOM: confusion (+ monsters)
 13125 | Lair:5   | Reached skill level 16 in Unarmed Combat
 13180 | Lair:4   | Found a staircase to the Swamp.
 13183 | Lair:4   | XOM: divination: magic mapping
 13185 | Lair:4   | XOM: enchant monster (good)
 13209 | Lair:4   | XOM: divine lightning
 13424 | Lair:3   | XOM: give mutation
 13424 | Lair:3   | Gained mutation: You possess an exceptional clarity of
                  | mind. [Xom's grace]
 13495 | Lair:4   | XOM: scenery: 2 doors open
 13657 | Lair:4   | XOM: give mutations
 13657 | Lair:4   | Gained mutation: You can translocate small distances at
                  | will. [Xom's grace]
 13657 | Lair:4   | Gained mutation: You are partially covered in thin metallic
                  | scales. (AC +2) [Xom's grace]
 13657 | Lair:4   | Gained mutation: Your system is resistant to poisons.
                  | (rPois) [Xom's grace]
 13657 | Lair:4   | Gained mutation: You expend magic power (3 MP) to
                  | strengthen your wands. [Xom's grace]
 13784 | Lair:4   | XOM: god gift: 22 arrows
 14004 | Lair:5   | XOM: 6-stop teleportation journey
 14424 | Lair:6   | Entered Level 6 of the Lair of Beasts
 14427 | Lair:6   | XOM: enchant monster (bad)
 14596 | Lair:6   | XOM: enchant monster (good)
 14603 | Lair:5   | XOM: potion effect (heal wounds)
 14607 | Lair:5   | XOM: confuse monster(s)
 14636 | Lair:5   | XOM: noise
 14652 | Lair:5   | XOM: summons friendly quasit
 14661 | Lair:5   | XOM: divination: magic mapping
 14745 | Lair:5   | XOM: noise
 14746 | Lair:5   | XOM: confuse monster(s)
 14749 | Lair:5   | XOM: confuse monster(s)
 14834 | Lair:5   | XOM: cloud trail
 14852 | Lair:5   | XOM: noise
 14919 | Lair:5   | XOM: smoke on damage
 14933 | Lair:6   | XOM: noise
 14938 | Lair:6   | XOM: summons 5 friendly demons
 14956 | Lair:6   | XOM: silly message
 14957 | Lair:6   | Reached skill level 17 in Unarmed Combat
 15096 | Lair:6   | XOM: noise
 15280 | Lair:6   | XOM: cleaving
 15292 | Lair:6   | Reached XP level 14. HP: 92/134 MP: 6/13
 15517 | Lair:6   | XOM: enchant monster (good)
 15779 | Lair:6   | XOM: 1-stop teleportation journey
 15814 | Lair:6   | XOM: polymorph lindwurm -> glowing orange brain
 15889 | Lair:6   | XOM: noise
 15890 | Lair:6   | XOM: divine lightning
 16143 | Lair:6   | XOM: polymorph tyrant leech -> four-headed hydra
 16235 | Lair:6   | Found a runed translucent door.
 16283 | Lair:6   | XOM: polymorph torpor snail -> slime creature
 16285 | Lair:6   | XOM: give mutations
 16285 | Lair:6   | Lost mutation: You possess an exceptional clarity of mind.
                  | [Xom's mischief]
 16285 | Lair:6   | Lost mutation: You occasionally shout uncontrollably at
                  | your foes. [Xom's mischief]
 16285 | Lair:6   | Lost mutation: You are very clumsy. (Dex -4) [Xom's
                  | mischief]
 16286 | Lair:6   | XOM: stat loss: -1 Dex (16/17)
 16482 | Lair:6   | XOM: god gift: 53 gold pieces
 16681 | Lair:5   | Found a staircase to the Slime Pits.
 16703 | Lair:5   | Reached skill level 18 in Unarmed Combat
 16740 | Lair:5   | XOM: scenery: create altars
 17018 | Orc:1    | Entered Level 1 of the Orcish Mines
 17221 | Orc:1    | XOM: cleaving
 17223 | Orc:1    | Paralysed by an orc sorcerer for 4 turns
 17430 | Orc:2    | Entered Level 2 of the Orcish Mines
 17475 | Orc:2    | Noticed Nessos
 17549 | Orc:2    | Killed Nessos
 17578 | Orc:1    | XOM: god gift: weird smoking staff {god gift}
 17960 | Orc:2    | Found the +10 tower shield of Ignorance {rN+ Int-4}
 17963 | Orc:2    | Found a runed translucent door.
 18016 | Orc:2    | XOM: summons friendly shadow imp
 18016 | Orc:2    | Noticed an orc warlord
 18026 | Orc:2    | Killed an orc warlord
 18109 | Orc:2    | Noticed Erolcha
 18118 | Orc:2    | Found a staircase to the Elven Halls.
 18120 | Orc:2    | Killed Erolcha
 18205 | Orc:2    | Found a runed translucent door.
 18547 | Orc:2    | Found an ancient bone altar of Kikubaaqudgha.
 18555 | Orc:2    | XOM: polymorph neqoxec -> soul eater
 18557 | Orc:2    | Paralysed by an orc sorcerer for 6 turns
 18560 | Orc:2    | XOM: cleaving
 18685 | Orc:2    | Found Garabb's Magic Scroll Emporium.
 18729 | Orc:2    | Found a radiant altar of Vehumet.
 18751 | Orc:2    | Bought a scroll of identify for 34 gold pieces
 18751 | Orc:2    | Bought a scroll of identify for 34 gold pieces
 18751 | Orc:2    | Bought a scroll of identify for 34 gold pieces
 18751 | Orc:2    | Bought a scroll of identify for 34 gold pieces
 18794 | Orc:2    | Found Ulac's Book Shoppe.
 18859 | Orc:2    | Found a roughly hewn altar of Beogh.
 18859 | Orc:2    | Found Ragyamnyg's Gadget Shoppe.
 18863 | Orc:2    | XOM: summons friendly iron imp
 18899 | Orc:2    | Reached XP level 15. HP: 71/143 MP: 14/14
 18990 | Orc:2    | Found Tafeasef's Antique Armour Shoppe.
 19014 | Orc:2    | Bought a wand of iceblast (7) for 187 gold pieces
 19053 | Orc:2    | Bought a wand of iceblast (7) for 187 gold pieces
 19218 | Orc:2    | XOM: god gift: scroll of teleportation
 19266 | Orc:2    | XOM: fog
 19280 | Orc:2    | Reached skill level 5 in Armour
 19299 | Orc:2    | Reached skill level 10 in Shields
 19320 | Orc:2    | Gained mutation: Your magical capacity is low. (-10% MP)
                  | [mutagenic glow]
 19580 | D:12     | XOM: scenery: 2 doors open
 19624 | D:12     | XOM: cast spell 'Summon Ice Beast'
 20117 | D:13     | Reached skill level 19 in Unarmed Combat
 20122 | D:13     | XOM: destruction
 20176 | D:13     | XOM: give mutations
 20176 | D:13     | Lost mutation: You are clumsy. (Dex -2) [Xom's grace]
 20176 | D:13     | Gained mutation: You are partially covered in slimy green
                  | scales. (AC +2) [Xom's grace]
 20195 | D:13     | XOM: 2-stop teleportation journey
 20289 | D:13     | Noticed Kirke
 20299 | D:13     | Noticed Kirke
 20299 | D:13     | Kirke changed into Kirke the fire giant
 20299 | D:13     | XOM: polymorph Kirke -> Kirke the fire giant
 20371 | D:12     | XOM: scenery: 1 doors close
 20403 | D:13     | XOM: scenery: create altars
 20411 | D:13     | Killed Kirke the fire giant
 20447 | D:13     | Found a radiant altar of Vehumet.
 20575 | D:13     | XOM: 5-stop teleportation journey
 20731 | D:13     | Found a gate to the Vaults.
 20991 | D:14     | Found a sparkling altar of Nemelex Xobeh.
 20992 | D:14     | XOM: divination: detect items
 21110 | D:14     | XOM: destruction
 21386 | D:14     | XOM: cloud trail
 21479 | D:15     | Entered Level 15 of the Dungeon
 21512 | D:15     | Found a runed translucent gate.
 21512 | D:15     | Found a runed translucent gate.
 21513 | D:15     | Found a runed translucent gate.
 21513 | D:15     | Found an ancient bone altar of Kikubaaqudgha.
 21519 | D:15     | Noticed sinister's ghost (journeyman FoFi)
 21519 | D:15     | Noticed Qemeosy's ghost (journeyman DDFi)
 21519 | D:15     | Noticed Fotwosk's ghost (journeyman MiBe)
 21519 | D:15     | Noticed a lich
 21522 | D:15     | Noticed a lich
 21656 | D:15     | XOM: silly message
 21815 | D:15     | XOM: blink monster(s)
 21842 | D:15     | XOM: chaos cloud
 21850 | D:15     | Paralysed by you for 4 turns
 21934 | D:15     | Reached skill level 20 in Unarmed Combat
 21945 | D:15     | XOM: polymorph tengu warrior -> anaconda
 21961 | D:15     | XOM: noise
 22130 | D:15     | Found a staircase to the Depths.
 22261 | D:15     | Reached XP level 16. HP: 150/150 MP: 13/13
 22770 | D:5      | XOM: give mutations
 22770 | D:5      | Lost mutation: Your magical capacity is low. (-10% MP)
                  | [Xom's mischief]
 22770 | D:5      | Lost mutation: Your system is resistant to poisons. (rPois)
                  | [Xom's mischief]
 22845 | D:3      | XOM: god gift: spiked storm dragon scales {god gift}
 22848 | D:3      | Identified the +4 storm dragon scales of Peek-a-Boo {*Drain
                  | rElec rC+ rN++ Dex+4} (Xom gifted it to you on level 3 of
                  | the Dungeon)
 23105 | D:1      | XOM: 1-stop teleportation journey
 23200 | D:1      | XOM: give mutations
 23200 | D:1      | Lost mutation: Your muscles are strong. (Str +2) [Xom's
                  | mischief]
 23200 | D:1      | Lost mutation: You expend magic power (3 MP) to strengthen
                  | your wands. [Xom's mischief]
 23515 | D:1      | XOM: cloud trail
 23754 | D:2      | XOM: divination: magic mapping
 23779 | D:2      | XOM: scenery: 2 doors close
 24047 | Spider:1 | Entered Level 1 of the Spider Nest
 24078 | Lair:2   | XOM: fog
 24082 | Lair:2   | XOM: summons 8 friendly demons
 24227 | Spider:1 | XOM: 2-stop teleportation journey
 24264 | Spider:1 | Noticed Aizul
 24279 | Spider:1 | Noticed Aizul
 24279 | Spider:1 | Aizul changed into Aizul the dire elephant
 24279 | Spider:1 | XOM: polymorph Aizul -> Aizul the dire elephant
 24284 | Spider:1 | Killed Aizul the dire elephant
 24317 | Spider:1 | Noticed Donald
 24328 | Spider:1 | XOM: fake destruction
 24331 | Spider:1 | Killed Donald
 24408 | Spider:1 | XOM: 1-stop teleportation journey
 24488 | Spider:1 | XOM: summons 2 hostile shadow creatures
 24806 | Spider:1 | XOM: stat loss: -1 Dex (12/13)
 24986 | Spider:1 | XOM: give mutation
 24986 | Spider:1 | Lost mutation: You have sharp toenails. [Xom's mischief]
 25097 | Spider:2 | XOM: 1-stop teleportation journey
 25231 | Spider:2 | Identified a scroll of acquirement
 25231 | Spider:2 | Acquired a manual of Fighting
 25256 | Spider:2 | Noticed Frances
 25258 | Spider:2 | XOM: summons friendly ufetubus
 25270 | Spider:2 | XOM: potion effect (might)
 25274 | Spider:2 | XOM: summons friendly quasit
 25275 | Spider:2 | Killed Frances
 25300 | Spider:2 | XOM: cast spell 'Call Canine Familiar'
 25321 | Spider:2 | HP: 4/150 [wolf spider (4)]
 25733 | Spider:2 | XOM: cast spell 'Cause Fear'
 25866 | Spider:2 | XOM: scenery: summon butterflies
 26009 | Spider:3 | Reached skill level 21 in Unarmed Combat
 26150 | Spider:3 | XOM: cast spell 'Call Canine Familiar'
 26410 | Spider:3 | XOM: 1-stop teleportation journey
 26429 | Spider:3 | XOM: divination: detect items
 26479 | Spider:3 | XOM: cleaving
 26571 | Spider:2 | HP: 2/150 [something (7)]
 26571 | Spider:2 | Slain by a ghost moth

Illustrated notes

Levels and vault maps discovered:
D:1:      psy_arrival_terrarium, layout_basic
D:2:      layout_basic, kennysheep_generic_room_5
D:3:      layout_basic, minmay_quadrilaterals, uniq_sigmund, uniq_robin
D:4:      layout_basic, temple_statues, kennysheep_generic_room_4,
          uniq_eustachio, uniq_blork_the_orc, uniq_edmund
D:5:      layout_gridville
D:6:      layout_cave_pools, marbit_many_paths, gup_sewer_entry_glass
D:7:      layout_loops_ring, serial_shops, nicolae_shop_behind_doors
D:8:      layout_basic, grunt_temple_overflow_open, lair_entry_dummy,
          jmf_multi_god_temple2
D:9:      layout_long_grid, okawaru_altar_gauntlet_db, trog_ov_bears_minmay,
          erik_orc_3, serial_shops, kennysheep_mini
D:10:     layout_loops_ring, minmay_orc_keep, uniq_maggie
D:11:     layout_loops_corners, portal_ice_cave_demonic_guard, serial_shops,
          kennysheep_mini_moat, tso_altar
D:12:     layout_roguey
D:13:     layout_rooms, hangedman_vaults_entry_quadrant_bands, basic_altar,
          uniq_kirke
D:14:     layout_cave_pools, basic_altar, serial_column_ruins, column_ruins_hut,
          column_ruins_circle_small, column_ruins_grid_1, column_ruins_grid_4,
          column_ruins_columns_straight, column_ruins_grid_3,
          chequers_serial_rivers_room_a
D:15:     hangedman_depths_entry_civil_slaughter, layout_rooms,
          gammafunk_ghost_crypt, minmay_fountain_box
Lair:1:   layout_roguey, serial_bayou_shore_b, minmay_lair_oklob_chamber
Lair:2:   layout_long_grid, spider_nest_entry_rubble,
          chequers_serial_rivers_small_a, kennysheep_rathole,
          lemuel_fruit_fields
Lair:3:   layout_hall_layers, serial_bayou_lagoon_b
Lair:4:   layout_roguey, skrybe_swamp_entry_bodies, beast_lair_carwin_11
Lair:5:   layout_regular_city, minmay_slime_entry_oklob_enclosed,
          grunt_megastairs_2, lemuel_fruit_tree, infiniplex_staircase_pool_2
Lair:6:   hangedman_lair_caniforms_friends, layout_gridlike, wormcave,
          eino_house_with_fridge, infiniplex_staircase_pool,
          serial_bayou_shore_b
Spider:1: layout_spider_delve, hive_lemuel, uniq_aizul, uniq_donald
Spider:2: layout_spider_delve, uniq_frances
Spider:3: layout_spider_delve, nicolae_spider_cling_ruins
Orc:1:    layout_diamond_mine, nicolae_orc_lava_tube
Orc:2:    kennysheep_orc_mage_school, layout_diamond_mine,
          chequers_guarded_unrand_ignorance, uniq_nessos, uniq_erolcha

Skill      XL: |  1  2  3  4  5  6  7  8  9 10 11 12 13 14 15 16 |
---------------+-------------------------------------------------+-----
Dodging        | 2 3 4 5 6 |  6.0
Unarmed Combat | 5 6 8 10 11 12 14 15 17 18 20 21 | 21.1
Shields        | 1 2 3 4 5 6 7 9 10 11 | 11.7
Fighting       | 3 4 |  4.1
Stealth        | 1 |  1.2
Evocations     | 1 2 3 5 6 7 8 9 |  9.1
Armour         | 1 3 4 5 6 |  6.2

Action                   |  1- 3 |  4- 6 |  7- 9 | 10-12 | 13-15 | 16-18 || total
-------------------------+-------+-------+-------+-------+-------+-------++-------
Melee: Unarmed           |   115 |   105 |   362 |   580 |  1357 |   577 ||  3096
       Punch             |     1 |       |       |       |       |       ||     1
       Kick              |       |       |    32 |   215 |   470 |    71 ||   788
       Bite              |       |       |     9 |    93 |   193 |    63 ||   358
Evoke: Wand              |       |       |     6 |    15 |    22 |     8 ||    51
       Box of beasts     |       |       |       |       |     3 |       ||     3
  Use: Potion            |     4 |       |     1 |     2 |     1 |     3 ||    11
       Scroll            |       |       |    12 |     7 |    15 |     7 ||    41
 Stab: Sleeping          |     3 |       |     5 |       |       |     1 ||     9
       Confused          |       |     1 |       |       |     7 |       ||     8
       Paralysed         |       |     1 |       |       |     4 |       ||     5
       Distracted        |       |       |     1 |       |     2 |     2 ||     5
       Invisible         |       |       |     4 |       |     1 |       ||     5
       Petrifying        |       |       |       |     1 |       |       ||     1
Armor: Robe              |    43 |    32 |    44 |    32 |       |       ||   151
       Skin              |    11 |    17 |       |       |       |       ||    28
       Swamp dragon scal |       |       |       |    46 |   106 |    15 ||   167
       Ice dragon scales |       |       |       |     1 |    23 |       ||    24
       Fire dragon scale |       |       |       |       |   153 |       ||   153
       Storm dragon scal |       |       |       |       |       |   189 ||   189
Dodge: Dodged            |    51 |    17 |    53 |    79 |   217 |   102 ||   519
Block: Other             |     9 |       |       |       |       |       ||     9
       Kite shield       |    11 |    70 |    30 |       |       |       ||   111
       Reflection        |       |     3 |     8 |    14 |    57 |     6 ||    88
       Tower shield      |       |       |   242 |   527 |  1389 |   901 ||  3059

Table legend: (Time is in decaauts)
 A = Elapsed time spent in this place.
 B = Non-inter-level travel time spent in this place.
 C = Inter-level travel time spent in this place.
 D = Time resting spent in this place.
 E = Time spent auto-exploring this place.
 F = Levels seen in this place.
 G = Mean time per level.
                   A        B        C        D        E       F      G
               +--------+--------+--------+--------+--------+-----+--------+
         Total |  26066 |  23176 |   2890 |   2209 |  14262 |  28 |  930.9 |
       Dungeon |  13806 |  11525 |   2281 |    548 |   7951 |  15 |  920.4 |
          Lair |   6681 |   6310 |    371 |    641 |   4025 |   6 | 1113.5 |
   Spider Nest |   2198 |   2118 |     80 |    504 |    765 |   3 |  732.7 |
  Orcish Mines |   2366 |   2209 |    157 |    384 |   1061 |   2 | 1183.0 |
         Sewer |    364 |    364 |      0 |      0 |    232 |   1 |  364.0 |
      Ice Cave |    648 |    648 |      0 |    132 |    228 |   1 |  648.0 |
               +--------+--------+--------+--------+--------+-----+--------+

Top non-repeatable levels by time:
     D:8: 1736 daAuts
   Orc:2: 1664 daAuts
  Lair:5: 1606 daAuts
  Lair:6: 1584 daAuts
    D:11: 1248 daAuts
     D:2: 1218 daAuts
     D:4: 1091 daAuts
  Lair:1: 1015 daAuts
     D:9: 1011 daAuts
     D:1: 999 daAuts
Spider:1: 988 daAuts
  Lair:2: 946 daAuts
Spider:2: 934 daAuts
    D:15: 914 daAuts
  Lair:3: 902 daAuts
